 Dungeon Crawl Stone Soup version 0.26-a0-611-g354ed81502 (webtiles) character file.

Game seed: 10320943218635460216

55 Descartes the Scratcher (level 3, -1/15 HPs)
             Began as a Felid Transmuter on Sept 5, 2020.
             Slain by a quokka (2 damage)
             ... on level 2 of the Dungeon.
             The game lasted 00:01:40 (1724 turns).

Descartes the Scratcher (Felid Transmuter)          Turns: 1724, Time: 00:01:41

Health: -1/15      AC:  1    Str:  7    XL:     3   Next: 67%
Magic:  7/7        EV: 33    Int: 14    God:
Gold:   20         SH:  0    Dex: 16    Spells: 5/6 levels left
                                        Lives:  0   Deaths: 0

rFire    . . .     SeeInvis +     - Unarmed
rCold    . . .     Faith    .   (shield unavailable)
rNeg     . . .     Spirit   .   (armour unavailable)
rPois    .         Reflect  .   (helmet unavailable)
rElec    .         Harm     .   (cloak unavailable)
rCorr    .                      (gloves unavailable)
MR       .....                  (boots unavailable)
Stlth    +++.......             h - amulet of the acrobat
HPRegen  0.05/turn              (no ring)
MPRegen  0.10/turn              (no ring)

@: acrobat, quick
A: very small, no armour, no weapons or thrown items, stealth, claws 1, fangs 3,
see invisible, speed 1, shaggy fur 1, sharp paws
a: no special abilities


You were on level 2 of the Dungeon.
You visited 1 branch of the dungeon, and saw 2 of its levels.

You collected 20 gold pieces.

Inventory:

Missiles
 e - 54 arrows
 f - 22 stones
Jewellery
 h - an amulet of the acrobat (around neck)
Scrolls
 a - a scroll of magic mapping {unknown}
 c - a scroll of remove curse {unknown}
 d - a scroll of identify {unknown}
 g - a scroll of teleportation {unknown}
 i - a scroll of fog {unknown}
 j - a scroll of fear {unknown}
 k - a scroll of enchant armour {unknown}
Potions
 b - a potion of haste {unknown}
 l - a potion of degeneration {unknown}
 m - a potion of might {unknown}


   Skills:
 + Level 1.6 Fighting
 + Level 3.2 Dodging
 * Level 2.8 Stealth
 + Level 3.3 Unarmed Combat
 - Level 2.0 Spellcasting
 + Level 2.7 Transmutations


You had 5 spell levels left.
You knew the following spells:

 Your Spells              Type           Power        Failure   Level
a - Beastly Appendage     Tmut           #.....       8%          1

Your spell library contained the following spells:

 Spells                   Type           Power        Failure   Level
 Wereblood                Tmut           #.......     12%         2
 Spider Form              Tmut/Pois      #.........   38%         3
 Ice Form                 Ice/Tmut       #.......     80%         4
 Blade Hands              Tmut           #.........   91%         5


Dungeon Overview and Level Annotations

Branches:
Dungeon (2/15)

Altars:


Innate Abilities, Weirdness & Mutations

You cannot wear armour.
You are incapable of wielding weapons or throwing items.
Your paws allow you to move quietly. (Stealth)
You have sharp claws.
You have razor-sharp teeth.
You have supernaturally acute eyesight. (SInv)
You cover ground quickly.
You are covered in fur. (AC +1)
Your sharp claws are effective at attacking unaware monsters.


Message History

You scratch the jackal but do no damage.
The jackal barely misses you. The jackal completely misses you.
The jackal barely misses you. The jackal completely misses you.
The jackal closely misses you.
You barely miss the jackal. The jackal misses you.
The jackal barely misses you. The jackal completely misses you.
The jackal bites you but does no damage.
You scratch the jackal but do no damage.
You bite the jackal, but do no damage. The jackal closely misses you.
The jackal barely misses you. The jackal misses you.
You closely miss the jackal. The jackal bites you. The jackal misses you.
The quokka bites you.
* * * LOW HITPOINT WARNING * * *
The jackal closely misses you. The jackal completely misses you.
The jackal bites you.
* * * LOW HITPOINT WARNING * * *
The quokka completely misses you.
Your horns disappear.
The quokka bites you.
You die...

..##.......##..#.##.######.
...........##..#.##.##.....
...........................
.........##.......##.....
..##................####...
..!........##.......# #.#.
......[hh..##.......# #...
..g#####hrS.#.......# #.#.
#.#h@.#.......# #.##
#.#.#.)...###### #...
#?#.##.†#### #.## #)#?#
#..# #.# #.#)# #..# .....
#.#.# #..# #.### .#.# .b.#
.# ....# ...## #


You could see an adder, a quokka, 4 jackals and a bat.

Vanquished Creatures
  An adder (D:2)
  2 oozes
  A worm (D:2)
  2 dart slugs (D:1)
  A giant cockroach (D:1)
  6 hobgoblins
  3 ball pythons
  6 bats
  A frilled lizard (D:2)
  A goblin (D:1)
  2 kobolds (D:1)
  8 rats
34 creatures vanquished.

Notes
Turn   | Place    | Note
-------+----------+-------------------------------------------
     0 | D:1      | Descartes the Felid Transmuter began the quest for the Orb.
     0 | D:1      | Reached XP level 1. HP: 9/9 MP: 4/4
   390 | D:1      | Reached skill level 1 in Stealth
   392 | D:1      | Reached XP level 2. HP: 12/12 MP: 6/6
  1249 | D:1      | Reached XP level 3. HP: 14/15 MP: 7/7
  1724 | D:2      | Slain by a quokka

Illustrated notes

Levels and vault maps discovered:
D:1:      scummos_arrival_star, layout_loops_corners
D:2:      layout_loops_cross, minmay_circle_x

Skill      XL: |  1  2 |
---------------+-------+-----
Stealth        | 1 2 |  2.8
Dodging        | 3 |  3.2
Fighting       | |  1.6
Unarmed Combat | |  3.3
Spellcasting   | |  2.0
Transmutations | |  2.7

Action                   || total
-------------------------++-------
Melee: Unarmed           ||    86
       Bite              ||    10
       Punch             ||     2
       Headbutt          ||     4
 Cast: Beastly Appendage ||     8
 Stab: Sleeping          ||     7
Armor: Skin              ||     4
Dodge: Dodged            ||    84

Table legend: (Time is in decaauts)
 A = Elapsed time spent in this place.
 B = Non-inter-level travel time spent in this place.
 C = Inter-level travel time spent in this place.
 D = Time resting spent in this place.
 E = Time spent auto-exploring this place.
 F = Levels seen in this place.
 G = Mean time per level.
                   A        B        C        D        E       F      G
               +--------+--------+--------+--------+--------+-----+--------+
         Total |   1556 |   1534 |     22 |      0 |   1348 |   2 |  778.0 |
       Dungeon |   1556 |   1534 |     22 |      0 |   1348 |   2 |  778.0 |
               +--------+--------+--------+--------+--------+-----+--------+

Top non-repeatable levels by time:
     D:1: 1228 daAuts
     D:2: 328 daAuts
